[ AOE2 MATCH · #480072417 ]
UnrankedVikings vs Franks
[ REPLAY ANALYSIS · EXTRACTED FROM THE RECORDED GAME ]
Feudal
9:26
Castle
23:33
Imperial
33:21
| APM avg | 34.8 |
| APM peak | 82 |
| eAPM avg | 24.1 |
| Villagers / military | 199 / 308 |
Focus
⚔️ 30.5% · 🌾 69.5%
Berserk ×155 · Militia ×152 · Trade Cart ×15 · Monk ×1
Feudal
8:51
Castle
17:14
Imperial
30:35
| APM avg | 53.3 |
| APM peak | 98 |
| eAPM avg | 31.9 |
| Villagers / military | 155 / 185 |
Focus
⚔️ 34.0% · 🌾 66.0%
Knight ×134 · Throwing Axeman ×30 · Trade Cart ×20 · Trebuchet (Packed) ×19 · Scout Cavalry ×2
Feudal
11:07
Castle
14:39
Imperial
29:52
| APM avg | 43.2 |
| APM peak | 104 |
| eAPM avg | 20.3 |
| Villagers / military | 206 / 48 |
Focus
⚔️ 27.8% · 🌾 72.2%
Unknown (2550) ×223 · Mangonel ×37 · Trebuchet (Packed) ×11
Feudal
8:28
Castle
21:44
Imperial
35:11
| APM avg | 54.6 |
| APM peak | 95 |
| eAPM avg | 32.5 |
| Villagers / military | 172 / 120 |
Focus
⚔️ 37.8% · 🌾 62.2%
Unknown (2550) ×106 · Kamayuk ×53 · Petard ×24 · Trade Cart ×23 · Archer ×19 · Mangonel ×12
Match map
Initial resources + every placement click. Lines = walls · curves = elevation contours. ◆ gold · ⬟ stone · ● berries · ✦ relic · ◌ wall gap
Your base· ✓ Closed at 23:33 · 59t walls · no gate
mmmbokchoi's base· Open — opponent sealed themselves in
R2-D2's base· ✓ Closed at 14:39 · 0t walls · no gate
^_^'s base· Open — opponent sealed themselves in
Smoothed initial terrain · ◌ = detected wall gap · hover for details
Inputs per minute
— Mercy - - mmmbokchoi
Build order — Mercy
First 150 of 542 actions detected
| 0:01 | Create | Villager (Male) |
| 0:01 | Create | Villager (Male) |
| 0:02 | Build | House |
| 0:03 | Build | House |
| 0:18 | Create | Villager (Male) |
| 0:19 | Create | Villager (Male) |
| 0:19 | Create | Villager (Male) |
| 1:24 | Create | Villager (Male) |
| 2:10 | Create | Villager (Male) |
| 2:15 | Create | Villager (Male) |
| 2:15 | Create | Villager (Male) |
| 2:26 | Build | Lumber Camp |
| 2:47 | Create | Villager (Male) |
| 3:10 | Create | Villager (Male) |
| 3:27 | Create | Villager (Male) |
| 3:43 | Build | House |
| 4:14 | Create | Villager (Male) |
| 4:38 | Create | Villager (Male) |
| 4:53 | Create | Villager (Male) |
| 4:53 | Create | Villager (Male) |
| 5:40 | Build | Mill |
| 5:46 | Create | Villager (Male) |
| 6:08 | Research | Loom |
| 7:12 | Create | Villager (Male) |
| 7:16 | Research | Feudal Age |
| 7:16 | Research | Feudal Age |
| 7:54 | Build | House |
| 8:04 | Create | Villager (Male) |
| 8:16 | Create | Villager (Male) |
| 8:40 | Build | Palisade Wall |
| 8:56 | Build | Palisade Wall |
| 8:59 | Create | Villager (Male) |
| 9:05 | Build | Palisade Wall |
| 9:05 | Create | Villager (Male) |
| 9:06 | Create | Villager (Male) |
| 9:14 | Build | Palisade Wall |
| 9:14 | Create | Villager (Male) |
| 9:26 | Age | Feudal Age |
| 9:30 | Build | Stone Wall |
| 9:34 | Research | Double-Bit Axe |
| 9:55 | Build | Mining Camp |
| 10:03 | Create | Villager (Male) |
| 10:14 | Build | Watch Tower |
| 11:03 | Create | Villager (Male) |
| 11:33 | Build | Stone Wall |
| 11:34 | Create | Villager (Male) |
| 11:49 | Build | Stone Wall |
| 11:51 | Create | Villager (Male) |
| 12:04 | Build | House |
| 12:09 | Research | Horse Collar |
| 12:27 | Create | Villager (Male) |
| 12:46 | Build | Stone Wall |
| 12:52 | Build | Stone Wall |
| 13:19 | Build | Watch Tower |
| 13:35 | Build | House |
| 13:42 | Build | Farm |
| 13:45 | Build | Farm |
| 13:54 | Build | Stone Wall |
| 14:00 | Build | Stone Wall |
| 14:04 | Create | Villager (Male) |
| 14:05 | Create | Villager (Male) |
| 14:19 | Build | Blacksmith |
| 14:22 | Create | Villager (Male) |
| 14:25 | Build | Farm |
| 14:28 | Build | Farm |
| 14:29 | Create | Villager (Male) |
| 14:58 | Build | Lumber Camp |
| 15:11 | Build | House |
| 15:14 | Build | House |
| 15:26 | Build | Farm |
| 15:26 | Create | Villager (Male) |
| 15:29 | Create | Villager (Male) |
| 15:36 | Research | Fletching |
| 15:53 | Build | Farm |
| 15:55 | Build | Farm |
| 16:05 | Create | Villager (Male) |
| 16:15 | Build | Farm |
| 16:24 | Build | Farm |
| 16:26 | Build | Farm |
| 16:30 | Build | House |
| 16:43 | Create | Villager (Male) |
| 16:56 | Build | Farm |
| 17:12 | Build | Farm |
| 17:14 | Build | Farm |
| 17:18 | Create | Villager (Male) |
| 17:19 | Build | Farm |
| 17:27 | Build | Farm |
| 17:28 | Create | Villager (Male) |
| 17:36 | Create | Villager (Male) |
| 17:43 | Create | Villager (Male) |
| 17:54 | Build | Farm |
| 17:57 | Build | Farm |
| 18:02 | Build | Mining Camp |
| 18:19 | Create | Villager (Male) |
| 18:30 | Create | Villager (Male) |
| 18:42 | Build | Farm |
| 18:45 | Build | House |
| 18:46 | Build | House |
| 18:47 | Create | Villager (Male) |
| 19:29 | Build | Market |
| 19:36 | Build | Market |
| 19:42 | Research | Gold Mining |
| 19:56 | Build | Farm |
| 20:23 | Build | Lumber Camp |
| 20:28 | Create | Villager (Male) |
| 20:36 | Create | Villager (Male) |
| 20:48 | Research | Castle Age |
| 21:03 | Create | Villager (Male) |
| 21:26 | Build | Farm |
| 21:33 | Create | Villager (Male) |
| 21:49 | Create | Villager (Male) |
| 22:36 | Build | Lumber Camp |
| 23:33 | Age | Castle Age |
| 23:35 | Build | Town Center |
| 23:41 | Build | Town Center |
| 23:51 | Build | Town Center |
| 23:53 | Research | Bow Saw |
| 24:03 | Build | Stone Wall |
| 24:05 | Create | Villager (Male) |
| 24:19 | Create | Villager (Male) |
| 24:31 | Build | University |
| 24:38 | Build | University |
| 24:42 | Create | Villager (Male) |
| 24:46 | Create | Villager (Male) |
| 24:46 | Create | Villager (Male) |
| 25:22 | Create | Villager (Male) |
| 25:22 | Create | Villager (Male) |
| 25:27 | Build | Town Center |
| 25:32 | Create | Villager (Male) |
| 25:32 | Create | Villager (Male) |
| 25:42 | Research | Fortified Wall (upgrade) |
| 25:50 | Create | Villager (Male) |
| 25:50 | Create | Villager (Male) |
| 26:00 | Create | Villager (Male) |
| 26:03 | Build | Mining Camp |
| 26:08 | Research | Heavy Plow |
| 26:08 | Research | Heavy Plow |
| 26:08 | Research | Heavy Plow |
| 26:14 | Create | Villager (Male) |
| 26:14 | Create | Villager (Male) |
| 26:15 | Create | Villager (Male) |
| 26:15 | Create | Villager (Male) |
| 26:15 | Create | Villager (Male) |
| 26:16 | Create | Villager (Male) |
| 26:16 | Create | Villager (Male) |
| 26:32 | Research | Stone Mining |
| 26:33 | Create | Villager (Male) |
| 26:37 | Build | Farm |
| 26:38 | Build | Farm |
| 26:38 | Build | Farm |
Build order — mmmbokchoi
First 150 of 559 actions detected
| 0:00 | Create | Villager (Male) |
| 0:01 | Create | Villager (Male) |
| 0:02 | Build | House |
| 0:03 | Build | House |
| 0:08 | Create | Villager (Male) |
| 0:10 | Create | Villager (Male) |
| 0:10 | Create | Villager (Male) |
| 1:23 | Create | Villager (Male) |
| 1:58 | Build | Lumber Camp |
| 2:04 | Create | Villager (Male) |
| 2:04 | Create | Villager (Male) |
| 2:05 | Create | Villager (Male) |
| 2:47 | Create | Villager (Male) |
| 3:04 | Create | Villager (Male) |
| 3:05 | Create | Villager (Male) |
| 3:17 | Build | House |
| 3:39 | Create | Villager (Male) |
| 3:40 | Create | Villager (Male) |
| 4:02 | Create | Villager (Male) |
| 4:02 | Create | Villager (Male) |
| 4:28 | Build | Mill |
| 4:31 | Create | Villager (Male) |
| 4:54 | Create | Villager (Male) |
| 5:14 | Create | Villager (Male) |
| 5:29 | Create | Villager (Male) |
| 5:29 | Create | Villager (Male) |
| 5:41 | Create | Villager (Male) |
| 5:48 | Research | Loom |
| 6:29 | Research | Feudal Age |
| 6:29 | Research | Feudal Age |
| 7:15 | Build | Barracks |
| 7:28 | Build | House |
| 8:45 | Create | Villager (Male) |
| 8:45 | Create | Villager (Male) |
| 8:51 | Age | Feudal Age |
| 8:55 | Build | Stable |
| 9:16 | Research | Double-Bit Axe |
| 9:17 | Create | Villager (Male) |
| 9:24 | Build | House |
| 9:41 | Create | Scout Cavalry |
| 10:05 | Create | Scout Cavalry |
| 10:07 | Build | House |
| 10:08 | Create | Villager (Male) |
| 10:16 | Build | Blacksmith |
| 10:23 | Create | Villager (Male) |
| 10:42 | Build | Mining Camp |
| 10:42 | Create | Villager (Male) |
| 11:04 | Create | Villager (Male) |
| 11:58 | Create | Villager (Male) |
| 12:10 | Create | Villager (Male) |
| 12:17 | Build | Farm |
| 12:21 | Build | Farm |
| 12:28 | Build | Market |
| 12:38 | Create | Villager (Male) |
| 12:54 | Create | Villager (Male) |
| 12:58 | Build | Farm |
| 13:01 | Build | Farm |
| 13:04 | Build | Farm |
| 13:30 | Build | House |
| 13:32 | Create | Villager (Male) |
| 13:41 | Build | Farm |
| 13:43 | Build | Farm |
| 13:45 | Build | Farm |
| 13:49 | Build | Farm |
| 14:00 | Create | Villager (Male) |
| 14:19 | Build | House |
| 14:19 | Build | House |
| 14:34 | Research | Castle Age |
| 14:34 | Research | Castle Age |
| 15:03 | Build | House |
| 15:10 | Build | Mining Camp |
| 15:30 | Build | House |
| 15:43 | Research | Gold Mining |
| 15:43 | Research | Gold Mining |
| 15:43 | Research | Gold Mining |
| 16:29 | Build | Farm |
| 16:31 | Build | House |
| 17:14 | Age | Castle Age |
| 17:15 | Create | Villager (Male) |
| 17:17 | Build | Town Center |
| 17:20 | Build | Town Center |
| 17:38 | Create | Villager (Male) |
| 17:46 | Research | Bow Saw |
| 17:46 | Research | Bow Saw |
| 18:13 | Create | Villager (Male) |
| 18:20 | Create | Villager (Male) |
| 18:27 | Build | Lumber Camp |
| 18:34 | Build | Town Center |
| 18:38 | Create | Villager (Male) |
| 18:40 | Create | Villager (Male) |
| 18:49 | Create | Villager (Male) |
| 18:55 | Research | Wheelbarrow |
| 18:55 | Research | Wheelbarrow |
| 18:56 | Create | Villager (Male) |
| 19:08 | Build | Farm |
| 19:10 | Create | Villager (Male) |
| 19:12 | Build | Farm |
| 19:18 | Build | Farm |
| 19:21 | Create | Villager (Male) |
| 19:27 | Create | Villager (Male) |
| 19:29 | Build | Farm |
| 19:31 | Build | Farm |
| 19:34 | Build | Farm |
| 19:37 | Create | Villager (Male) |
| 20:02 | Create | Villager (Male) |
| 20:04 | Build | Farm |
| 20:12 | Create | Villager (Male) |
| 20:14 | Build | Farm |
| 20:15 | Build | Farm |
| 20:15 | Build | Farm |
| 20:15 | Build | Farm |
| 20:26 | Build | Farm |
| 20:28 | Create | Villager (Male) |
| 20:32 | Create | Villager (Male) |
| 20:32 | Create | Villager (Male) |
| 20:34 | Build | Farm |
| 20:35 | Build | Farm |
| 20:44 | Create | Villager (Male) |
| 20:44 | Create | Villager (Male) |
| 20:45 | Create | Villager (Male) |
| 20:46 | Create | Villager (Male) |
| 20:49 | Build | Farm |
| 20:53 | Build | Farm |
| 20:56 | Build | Farm |
| 20:59 | Build | Farm |
| 21:00 | Create | Villager (Male) |
| 21:00 | Create | Villager (Male) |
| 21:00 | Create | Villager (Male) |
| 21:01 | Create | Villager (Male) |
| 21:07 | Build | Farm |
| 21:10 | Create | Villager (Male) |
| 21:10 | Create | Villager (Male) |
| 21:11 | Create | Villager (Male) |
| 21:17 | Create | Villager (Male) |
| 21:17 | Create | Villager (Male) |
| 21:30 | Build | Farm |
| 21:34 | Create | Villager (Male) |
| 21:35 | Create | Villager (Male) |
| 21:35 | Create | Villager (Male) |
| 21:35 | Create | Villager (Male) |
| 21:36 | Create | Villager (Male) |
| 21:41 | Build | Farm |
| 21:47 | Create | Villager (Male) |
| 21:50 | Build | Farm |
| 21:51 | Create | Villager (Male) |
| 21:54 | Build | Farm |
| 21:55 | Build | Farm |
| 21:56 | Create | Villager (Male) |
| 21:58 | Build | Farm |
| 21:59 | Build | Farm |
Build order — R2-D2
First 150 of 500 actions detected
| 0:00 | Create | Villager (Male) |
| 0:00 | Create | Villager (Male) |
| 0:01 | Create | Villager (Male) |
| 0:02 | Build | House |
| 0:04 | Build | House |
| 0:25 | Create | Villager (Male) |
| 1:41 | Create | Villager (Male) |
| 1:41 | Create | Villager (Male) |
| 1:51 | Build | Settlement |
| 2:04 | Build | Settlement |
| 2:07 | Create | Villager (Male) |
| 2:08 | Create | Villager (Male) |
| 2:26 | Create | Villager (Male) |
| 2:49 | Create | Villager (Male) |
| 2:49 | Create | Villager (Male) |
| 3:12 | Create | Villager (Male) |
| 3:12 | Create | Villager (Male) |
| 3:51 | Create | Villager (Male) |
| 3:51 | Create | Villager (Male) |
| 3:51 | Create | Villager (Male) |
| 4:07 | Build | House |
| 4:11 | Build | Settlement |
| 4:20 | Create | Villager (Male) |
| 4:20 | Create | Villager (Male) |
| 5:03 | Create | Villager (Male) |
| 5:03 | Create | Villager (Male) |
| 5:03 | Create | Villager (Male) |
| 5:14 | Create | Villager (Male) |
| 5:14 | Create | Villager (Male) |
| 6:11 | Create | Villager (Male) |
| 6:11 | Create | Villager (Male) |
| 6:36 | Create | Villager (Male) |
| 6:37 | Create | Villager (Male) |
| 6:37 | Create | Villager (Male) |
| 6:37 | Create | Villager (Male) |
| 7:41 | Create | Villager (Male) |
| 8:32 | Create | Villager (Male) |
| 8:57 | Research | Feudal Age |
| 10:16 | Create | Villager (Male) |
| 10:16 | Create | Villager (Male) |
| 11:07 | Age | Feudal Age |
| 11:11 | Build | Blacksmith |
| 11:23 | Build | Market |
| 11:59 | Research | Castle Age |
| 11:59 | Research | Castle Age |
| 12:26 | Research | Double-Bit Axe |
| 12:27 | Research | Horse Collar |
| 12:32 | Research | Horse Collar |
| 12:35 | Build | Farm |
| 12:37 | Build | Farm |
| 12:41 | Build | Farm |
| 12:44 | Build | Farm |
| 14:33 | Research | Wheelbarrow |
| 14:39 | Age | Castle Age |
| 14:42 | Build | Town Center |
| 15:09 | Create | Villager (Male) |
| 15:39 | Build | Town Center |
| 16:03 | Create | Villager (Male) |
| 16:03 | Create | Villager (Male) |
| 16:03 | Create | Villager (Male) |
| 16:30 | Create | Villager (Male) |
| 16:30 | Create | Villager (Male) |
| 16:30 | Create | Villager (Male) |
| 16:39 | Build | Settlement |
| 16:53 | Create | Villager (Male) |
| 17:15 | Build | Siege Workshop |
| 17:20 | Create | Villager (Male) |
| 17:20 | Create | Villager (Male) |
| 17:21 | Create | Villager (Male) |
| 17:27 | Create | Villager (Male) |
| 17:27 | Create | Villager (Male) |
| 17:27 | Create | Villager (Male) |
| 17:33 | Build | Settlement |
| 17:39 | Build | Farm |
| 17:42 | Build | Farm |
| 17:47 | Build | Farm |
| 17:57 | Build | Farm |
| 18:02 | Create | Villager (Male) |
| 18:02 | Create | Villager (Male) |
| 18:03 | Create | Villager (Male) |
| 18:23 | Create | Mangonel |
| 18:23 | Create | Mangonel |
| 18:29 | Create | Villager (Male) |
| 18:29 | Create | Villager (Male) |
| 18:29 | Create | Villager (Male) |
| 18:35 | Build | Farm |
| 18:40 | Build | Farm |
| 18:45 | Create | Villager (Male) |
| 18:46 | Create | Villager (Male) |
| 18:52 | Create | Villager (Male) |
| 18:53 | Create | Villager (Male) |
| 18:56 | Build | Farm |
| 19:01 | Build | Farm |
| 19:07 | Create | Villager (Male) |
| 19:07 | Create | Villager (Male) |
| 19:17 | Create | Mangonel |
| 19:21 | Create | Villager (Male) |
| 19:31 | Build | Farm |
| 19:39 | Build | Farm |
| 19:45 | Build | Farm |
| 19:50 | Build | Farm |
| 19:53 | Build | Farm |
| 19:53 | Create | Villager (Male) |
| 19:54 | Create | Villager (Male) |
| 19:54 | Create | Villager (Male) |
| 20:12 | Create | Villager (Male) |
| 20:12 | Create | Villager (Male) |
| 20:12 | Create | Villager (Male) |
| 20:34 | Build | House |
| 20:35 | Build | House |
| 20:36 | Build | House |
| 20:37 | Build | House |
| 20:46 | Build | Farm |
| 20:50 | Build | Farm |
| 20:52 | Build | Farm |
| 20:53 | Build | Farm |
| 20:53 | Build | Farm |
| 20:53 | Build | Farm |
| 20:53 | Build | Farm |
| 20:54 | Build | Farm |
| 20:54 | Build | Farm |
| 21:04 | Create | Villager (Male) |
| 21:04 | Create | Villager (Male) |
| 21:05 | Create | Villager (Male) |
| 21:05 | Create | Villager (Male) |
| 21:05 | Create | Villager (Male) |
| 21:15 | Research | Bow Saw |
| 21:34 | Create | Villager (Male) |
| 21:35 | Create | Villager (Male) |
| 21:35 | Create | Villager (Male) |
| 21:39 | Build | Farm |
| 21:39 | Build | Farm |
| 21:40 | Build | Farm |
| 21:46 | Build | Farm |
| 21:54 | Create | Villager (Male) |
| 21:54 | Create | Villager (Male) |
| 21:55 | Create | Villager (Male) |
| 21:55 | Create | Villager (Male) |
| 22:09 | Create | Villager (Male) |
| 22:10 | Create | Villager (Male) |
| 22:10 | Create | Villager (Male) |
| 22:27 | Build | House |
| 22:28 | Build | House |
| 22:29 | Build | House |
| 22:30 | Build | House |
| 22:31 | Build | House |
| 22:32 | Create | Villager (Male) |
| 22:33 | Create | Villager (Male) |
| 22:33 | Create | Villager (Male) |
| 23:19 | Research | Hand Cart |
Build order — ^_^
First 150 of 667 actions detected
| 0:01 | Create | Villager (Male) |
| 0:02 | Build | House |
| 0:03 | Build | House |
| 0:06 | Create | Villager (Male) |
| 0:06 | Create | Villager (Male) |
| 0:06 | Create | Villager (Male) |
| 0:07 | Create | Villager (Male) |
| 1:13 | Create | Villager (Male) |
| 1:13 | Create | Villager (Male) |
| 1:58 | Create | Villager (Male) |
| 1:59 | Create | Villager (Male) |
| 2:08 | Create | Villager (Male) |
| 2:08 | Create | Villager (Male) |
| 2:44 | Build | Settlement |
| 2:49 | Create | Villager (Male) |
| 2:51 | Create | Villager (Male) |
| 2:52 | Create | Villager (Male) |
| 3:44 | Create | Villager (Male) |
| 3:44 | Create | Villager (Male) |
| 3:45 | Create | Villager (Male) |
| 3:45 | Create | Villager (Male) |
| 4:10 | Create | Villager (Male) |
| 4:11 | Create | Villager (Male) |
| 4:33 | Create | Villager (Male) |
| 4:33 | Create | Villager (Male) |
| 4:41 | Research | Loom |
| 4:59 | Create | Villager (Male) |
| 4:59 | Research | Loom |
| 6:18 | Research | Feudal Age |
| 6:18 | Research | Feudal Age |
| 7:29 | Build | Barracks |
| 7:32 | Build | Palisade Wall |
| 7:33 | Build | Palisade Wall |
| 7:35 | Build | Palisade Wall |
| 7:37 | Build | Palisade Wall |
| 8:05 | Create | Villager (Male) |
| 8:05 | Create | Villager (Male) |
| 8:28 | Age | Feudal Age |
| 8:31 | Build | Archery Range |
| 8:37 | Create | Villager (Male) |
| 8:39 | Build | Palisade Wall |
| 8:41 | Build | Palisade Wall |
| 8:58 | Build | Archery Range |
| 9:07 | Create | Villager (Male) |
| 9:17 | Create | Archer |
| 9:25 | Create | Archer |
| 9:39 | Build | Watch Tower |
| 9:49 | Create | Villager (Male) |
| 10:04 | Create | Archer |
| 10:08 | Create | Villager (Male) |
| 10:25 | Research | Double-Bit Axe |
| 10:25 | Research | Double-Bit Axe |
| 10:33 | Create | Villager (Male) |
| 10:33 | Create | Villager (Male) |
| 10:43 | Create | Archer |
| 10:44 | Create | Archer |
| 11:06 | Create | Archer |
| 11:06 | Create | Archer |
| 11:12 | Create | Villager (Male) |
| 11:12 | Create | Villager (Male) |
| 11:21 | Build | Blacksmith |
| 11:29 | Create | Villager (Male) |
| 11:49 | Create | Villager (Male) |
| 11:49 | Create | Villager (Male) |
| 11:58 | Create | Archer |
| 11:58 | Create | Archer |
| 11:59 | Create | Archer |
| 12:12 | Research | Fletching |
| 12:13 | Research | Fletching |
| 12:15 | Build | House |
| 12:17 | Create | Archer |
| 12:28 | Create | Archer |
| 12:29 | Create | Archer |
| 12:37 | Create | Villager (Male) |
| 12:37 | Create | Villager (Male) |
| 12:53 | Build | House |
| 13:10 | Create | Villager (Male) |
| 13:10 | Create | Villager (Male) |
| 13:13 | Create | Archer |
| 13:13 | Create | Archer |
| 13:26 | Build | Settlement |
| 13:46 | Create | Villager (Male) |
| 13:47 | Create | Archer |
| 13:54 | Create | Villager (Male) |
| 14:21 | Create | Archer |
| 14:28 | Create | Villager (Male) |
| 14:28 | Create | Villager (Male) |
| 14:30 | Build | Farm |
| 14:31 | Build | Farm |
| 14:43 | Build | Farm |
| 14:51 | Research | Horse Collar |
| 14:51 | Research | Horse Collar |
| 14:59 | Build | Farm |
| 15:12 | Build | Farm |
| 15:15 | Create | Villager (Male) |
| 15:16 | Create | Villager (Male) |
| 15:35 | Create | Villager (Male) |
| 15:48 | Build | Settlement |
| 15:52 | Build | Farm |
| 15:54 | Build | Farm |
| 16:00 | Build | Farm |
| 16:02 | Create | Villager (Male) |
| 16:15 | Create | Villager (Male) |
| 16:22 | Build | Farm |
| 16:22 | Build | Farm |
| 16:42 | Create | Villager (Male) |
| 17:02 | Research | Town Watch |
| 17:03 | Build | Farm |
| 17:08 | Build | Farm |
| 17:10 | Build | Farm |
| 17:14 | Build | Farm |
| 17:19 | Create | Villager (Male) |
| 17:27 | Build | Outpost |
| 17:38 | Build | Farm |
| 18:18 | Build | Watch Tower |
| 18:32 | Create | Villager (Male) |
| 18:48 | Build | Farm |
| 18:49 | Build | Farm |
| 19:04 | Research | Castle Age |
| 19:36 | Create | Archer |
| 19:37 | Create | Archer |
| 20:40 | Build | House |
| 21:01 | Create | Villager (Male) |
| 21:01 | Create | Villager (Male) |
| 21:44 | Age | Castle Age |
| 21:46 | Build | Siege Workshop |
| 21:47 | Research | Crossbowman (upgrade) |
| 21:50 | Research | Bodkin Arrow |
| 21:50 | Research | Bodkin Arrow |
| 21:56 | Build | Town Center |
| 21:59 | Research | Bow Saw |
| 22:17 | Build | Market |
| 22:19 | Create | Villager (Male) |
| 22:34 | Create | Villager (Male) |
| 23:05 | Create | Mangonel |
| 23:07 | Create | Villager (Male) |
| 23:17 | Create | Villager (Male) |
| 23:17 | Create | Villager (Male) |
| 23:19 | Create | Villager (Male) |
| 23:24 | Research | Wheelbarrow |
| 23:27 | Create | Villager (Male) |
| 23:51 | Create | Villager (Male) |
| 23:56 | Create | Battering Ram |
| 24:12 | Create | Villager (Male) |
| 24:31 | Create | Villager (Male) |
| 24:39 | Create | Mangonel |
| 24:44 | Build | Town Center |
| 24:45 | Create | Villager (Male) |
| 25:01 | Create | Villager (Male) |
| 25:18 | Create | Villager (Male) |
Match timeline
| 7:15 | mmmbokchoi · first_building Barracks |
| 7:29 | ^_^ · first_building Barracks |
| 7:32 | ^_^ · wall_segment Palisade Wall x1 |
| 7:33 | ^_^ · wall_segment Palisade Wall x1 |
| 7:35 | ^_^ · wall_segment Palisade Wall x1 |
| 7:37 | ^_^ · wall_segment Palisade Wall x1 |
| 8:28 | ^_^ · age_up feudal |
| 8:31 | ^_^ · first_building Archery Range |
| 8:39 | ^_^ · wall_segment Palisade Wall x1 |
| 8:40 | Mercy · wall_segment Palisade Wall x16 |
| 8:41 | ^_^ · wall_segment Palisade Wall x1 |
| 8:51 | mmmbokchoi · age_up feudal |
| 8:55 | mmmbokchoi · first_building Stable |
| 8:56 | Mercy · wall_segment Palisade Wall x1 |
| 9:05 | Mercy · wall_segment Palisade Wall x1 |
| 9:14 | Mercy · wall_segment Palisade Wall x1 |
| 9:26 | Mercy · age_up feudal |
| 9:30 | Mercy · wall_segment Stone Wall x19 |
| 11:07 | R2-D2 · age_up feudal |
| 11:33 | Mercy · wall_segment Stone Wall x9 |
| 11:49 | Mercy · wall_segment Stone Wall x7 |
| 12:46 | Mercy · wall_segment Stone Wall x2 |
| 12:52 | Mercy · wall_segment Stone Wall x4 |
| 13:54 | Mercy · wall_segment Stone Wall x15 |
| 14:00 | Mercy · wall_segment Stone Wall x4 |
| 14:39 | R2-D2 · age_up castle |
| 17:14 | mmmbokchoi · age_up castle |
| 17:15 | R2-D2 · first_building Siege Workshop |
| 17:26 | R2-D2 · first_market_buy 100 food |
| 17:29 | mmmbokchoi · first_market_buy 100 wood |
| 20:47 | Mercy · first_market_sell 100 food |
| 21:44 | ^_^ · age_up castle |
| 21:46 | ^_^ · first_building Siege Workshop |
| 23:00 | ^_^ · first_market_sell 100 food |
| 23:03 | ^_^ · first_market_buy 100 wood |
| 23:33 | Mercy · age_up castle |
| 24:03 | Mercy · wall_segment Stone Wall x1 |
| 25:09 | Mercy · first_market_buy 100 wood |
| 26:28 | mmmbokchoi · first_building Monastery |
| 28:48 | R2-D2 · first_building Castle |
| 29:04 | mmmbokchoi · first_building Castle |
| 29:07 | Mercy · first_building Castle |
| 29:33 | R2-D2 · first_market_sell 100 food |
| 29:52 | R2-D2 · age_up imperial |
| 30:32 | Mercy · first_building Monastery |
| 30:35 | mmmbokchoi · age_up imperial |
| 30:52 | Mercy · wall_segment Stone Wall x21 |
| 30:53 | ^_^ · first_building Monastery |
| 33:03 | Mercy · wall_segment Stone Wall x1 |
| 33:14 | Mercy · wall_segment Stone Wall x1 |
| 33:14 | Mercy · wall_segment Stone Wall x1 |
| 33:15 | Mercy · wall_segment Stone Wall x1 |
| 33:21 | Mercy · age_up imperial |
| 33:41 | mmmbokchoi · first_market_sell 500 wood |
| 34:26 | ^_^ · first_building Castle |
| 35:00 | mmmbokchoi · first_building Siege Workshop |
| 35:11 | R2-D2 · tribute_sent a jugador 1 |
| 35:11 | R2-D2 · tribute_sent a jugador 3 |
| 35:11 | R2-D2 · tribute_sent a jugador 4 |
| 35:11 | ^_^ · age_up imperial |
| 36:26 | Mercy · wall_segment Stone Wall x1 |
| 36:34 | R2-D2 · first_building Barracks |
| 37:13 | Mercy · wall_segment Stone Wall x20 |
| 37:28 | Mercy · wall_segment Stone Wall x16 |
| 40:19 | Mercy · first_building Barracks |
| 44:24 | ^_^ · wall_segment Palisade Wall x1 |
| 44:27 | ^_^ · wall_segment Palisade Wall x1 |
| 49:10 | Mercy · resign |
[ AI ANALYSIS · 1 CREDIT ]
What really happened in this match?
Wolo.gg analyzes every decision: build order, eco, micro, common mistakes by bracket. Personalized analysis on WhatsApp or Discord in 30 seconds.
Civ guide
Vikings
Perfil
Jugador #232066